 Dungeon Crawl Stone Soup version 0.29-a0-294-g83ea962da3 (webtiles) character file.

Game seed: 4199227443400167984

21 Dabor the Stinger (level 2, 0/24 HPs)
             Began as a Naga Venom Mage on Mar 18, 2022.
             Slain by a jackal (2 damage)
             ... on level 2 of the Dungeon.
             The game lasted 00:02:21 (1524 turns).

Dabor the Stinger (Naga Venom Mage)                 Turns: 1524, Time: 00:02:21

Health: 0/24       AC:  1    Str: 10    XL:     2   Next: 87%
Magic:  0/5        EV: 10    Int: 15    God:
Gold:   62         SH:  0    Dex: 11    Spells: 4/5 levels left

rFire   . . .      SeeInvis +   i - +1 falchion (freeze)
rCold   . . .      Faith    .   (no shield)
rNeg    . . .      Spirit   .   a - +0 robe
rPois   +          Reflect  .   (no helmet)
rElec   .          Harm     .   (no cloak)
rCorr   .          Rampage  .   (no gloves)
Will    .....                   (no barding)
Stlth   ++........              (no amulet)
HPRegen 0.08/turn               (no ring)
MPRegen 0.09/turn               (no ring)

@: very slightly contaminated, very slow
A: AC +0, large, see invisible, deformed body, poison resistance, slowness 2,
spit poison 1, naga tail 1
a: Spit Poison


You were on level 2 of the Dungeon.
You visited 1 branch of the dungeon, and saw 2 of its levels.

You collected 62 gold pieces.

Inventory:

Hand Weapons
 i - a +1 falchion of freezing (weapon)
Armour
 a - a +0 robe (worn)
Jewellery
 f - a +6 ring of dexterity
Scrolls
 e - a scroll of immolation {unknown}
 g - 2 scrolls of identify {unknown}
Potions
 b - a potion of magic
 c - a potion of resistance {unknown}
 d - 4 potions of heal wounds {unknown}
 h - a potion of flight {unknown}


   Skills:
 + Level 0.5 Fighting
 * Level 1.8 Dodging
 * Level 3.7 Stealth
 * Level 2.2 Spellcasting
 - Level 1.0 Transmutations
 * Level 4.3 Poison Magic


You had 4 spell levels left.
You knew the following spells:

 Your Spells              Type           Power      Damage    Failure   Level
a - Sting                 Tmut/Pois      36%        1d4       8%          1

Your spell library contained the following spells:

 Spells                   Type           Power      Damage    Failure   Level
 Poisonous Vapours        Pois/Air       16%        N/A       14%         2
 Mephitic Cloud           Conj/Pois/Air  5%         N/A       36%         3
 Olgreb's Toxic Radiance  Pois           14%        N/A       36%         4
 Gell's Gravitas          Tloc           1%         N/A       54%         3
 Lesser Beckoning         Tloc           1%         N/A       54%         3
 Teleport Other           Tloc           1%         N/A       54%         3


Dungeon Overview and Level Annotations

Branches:
Dungeon (2/15)

Altars:


Innate Abilities, Weirdness & Mutations

Your serpentine skin is tough. (AC +0)
You have supernaturally acute eyesight. (SInv)
Armour fits poorly on your strangely shaped body.
Your system is resistant to poisons. (rPois)
You cover ground very slowly.
You can spit poison.
You have a snake-like lower body.


Message History

You don't have enough magic to cast this spell.
You don't have enough magic to cast this spell.
You hit the jackal. You freeze the jackal.
The jackal is severely wounded.
The jackal bites you.
You hit the jackal. You freeze the jackal.
You kill the jackal!
The jackal bites you but does no damage.
The jackal bites you. The jackal closely misses you.
You barely miss the jackal. The jackal barely misses you. x2
The jackal closely misses you. The jackal barely misses you.
You hit the jackal. You freeze the jackal.
The jackal is heavily wounded.
The jackal bites you. x3; The jackal barely misses you.
You are too injured to fight recklessly!
You are too injured to fight recklessly!
You are too injured to fight recklessly!
You are too injured to fight recklessly!
Aiming: Sting (safe; 8% risk of failure)
Press: ? - help, Q - select action, (/) - cycle Shift-Dir - straight line, f - jackal
Aim: a jackal (heavily wounded, 60% to hit)
You miscast Sting.
You are very lightly contaminated with residual magic.
Nothing appears to happen.
The jackal bites you. x2
You closely miss the jackal.
The jackal is heavily wounded.
The jackal closely misses you. The jackal completely misses you.
The jackal closely misses you. The jackal bites you.
* * * LOW HITPOINT WARNING * * *
You barely miss the jackal.
The jackal is heavily wounded.
The jackal misses you.
The jackal barely misses you. x2; The jackal bites you.
* * * LOW HITPOINT WARNING * * *
You barely miss the jackal.
The jackal is heavily wounded.
The jackal closely misses you. The jackal bites you.
* * * LOW HITPOINT WARNING * * *
The jackal barely misses you. The jackal bites you.
You die...

#.#..#..# #..#..
#...#..#. #..#..#.#
#..#..#..#..#...#..
#.#!.#..#..#..#.$.
#...#..#†.#..#....
#......†.....#
#.##.<.......#
#............#
####.....@h..#
#....###h### #.####
†.# #. .... #.
..... #. .......
..#.... ###....


You could see 2 jackals.

Vanquished Creatures
  2 ball pythons (D:2)
  3 bats
  2 endoplasms (D:1)
  2 hobgoblins (D:1)
  2 jackals (D:2)
  3 quokkas (D:1)
  A frilled lizard (D:1)
  A goblin (D:1)
  A kobold (D:1)
  2 rats (D:1)
19 creatures vanquished.

Notes
Turn   | Place    | Note
-------+----------+-------------------------------------------
     0 | D:1      | Dabor the Naga Venom Mage began the quest for the Orb.
     0 | D:1      | Reached XP level 1. HP: 15/15 MP: 3/3
   731 | D:1      | Reached XP level 2. HP: 22/22 MP: 0/5
  1524 | D:2      | Slain by a jackal

Illustrated notes

Levels and vault maps discovered:
D:1:      nzn_arrival_crosshair, layout_loops_corners
D:2:      layout_rooms, serial_shops,
          nicolae_shop_temple_entry_statues_fountains, serial_aquarium,
          aquarium_bridge_square [aquarium_subvault_bridge,
          aquarium_subvault_balcony, aquarium_subvault_bridge,
          aquarium_subvault_wall], aquarium_bridge_straight
          [aquarium_subvault_bridge, aquarium_subvault_wall,
          aquarium_subvault_bridge, aquarium_subvault_window],
          aquarium_window_2, aquarium_window_1, aquarium_window_2,
          aquarium_view_2d, aquarium_view_4, minmay_misc_feat_cross,
          minmay_misc_feat_diagonals, kennysheep_generic_room_6

Action                   || total
-------------------------++-------
Melee: Unarmed           ||     5
       Falchion          ||    14
 Cast: Sting             ||    31
 Abil: Spit Poison       ||     7
Armor: Robe              ||     5
Dodge: Dodged            ||    33

Table legend: (Time is in decaauts)
 A = Elapsed time spent in this place.
 B = Non-inter-level travel time spent in this place.
 C = Inter-level travel time spent in this place.
 D = Time resting spent in this place.
 E = Time spent auto-exploring this place.
 F = Levels seen in this place.
 G = Mean time per level.
                   A        B        C        D        E       F      G
               +--------+--------+--------+--------+--------+-----+--------+
         Total |   1846 |   1711 |    135 |      0 |   1570 |   2 |  923.0 |
       Dungeon |   1846 |   1711 |    135 |      0 |   1570 |   2 |  923.0 |
               +--------+--------+--------+--------+--------+-----+--------+

Top non-repeatable levels by time:
     D:1: 1792 daAuts
     D:2: 53 daAuts
